 Dungeon Crawl Stone Soup version 0.28-a0-674-gdaf460b524 (webtiles) character file.

Game seed: 14699943567155606093

611498 Soel the Tortoise (level 27, -53/171 (173) HPs)
             Began as a Gargoyle Earth Elementalist on Oct 15, 2021.
             Was the Champion of Vehumet.
             Killed from afar by qborf's ghost (58 damage)
             ... with a great blast of fire
             ... on level 8 of a ziggurat on Oct 17, 2021.
             The game lasted 14:03:11 (118435 turns).

Soel the Tortoise (Gargoyle Earth Elementalist)   Turns: 118435, Time: 14:03:12

HP:   -53/171 (173) AC: 47    Str: 18    XL:     27
MP:   37/51         EV: 12    Int: 33    God:    Vehumet [******]
Gold: 7658          SH: 19    Dex: 18    Spells: 4/57 levels left

rFire   + . .      SeeInvis +   C - staff of conjuration
rCold   + + +      Faith    .   v - +5 kite shield {reflect}
rNeg    + + .      Spirit   .   j - +4 ring mail "Heteuzi" {Fly Will++ Dex+4}
rPois   ∞          Reflect  +   X - +2 helmet of True Grit {Int+5}
rElec   +          Harm     .   T - +2 cloak {rCorr}
rCorr   +          Rampage  .   n - +2 pair of gloves {Str+3}
Will    ++++.      Clarity  +   P - +0 pair of boots of the Manifold Xalams {rF+ Regen+ Slay+2}
Stlth   +.........              G - amulet "Plog" {RegenMP Int+4}
HPRegen 1.38/turn               N - ring "Axzinez" {rC++ rN+ Dex+4 SInv Stlth-}
MPRegen 0.57/turn               K - ring "Codat" {rC+ MP+9}

@: flying, studying Axes, lightly drained
A: sickness immunity, AC +20, big wings, negative energy resistance 1,
electricity resistance, torment resistance 1, petrification resistance, clarity,
dopey 1, mutation resistance 1, noise suppression
}: 3/15 runes: serpentine, barnacled, silver
a: Renounce Religion


You were on level 8 of a ziggurat.
You worshipped Vehumet.
Vehumet was exalted by your worship.
You visited 12 branches of the dungeon, and saw 55 of its levels.
You visited 1 ziggurat, and saw 8 of its levels.
You also visited: Trove and Ice Cave.

You collected 10227 gold pieces.
You spent 2569 gold pieces at shops.

Inventory:

Hand Weapons
 l - the +6 long sword of Change {vorpal, Int+4}
   (You found it on level 4 of the Lair of Beasts)

   It inflicts extra damage upon your enemies.
   Int:       It affects your intelligence (+4).
 O - the +5 long sword of the Gloaming {flame, *Noise rC+ MP+9 Str+5}
   (You found it on level 2 of a ziggurat)

   It burns those it strikes, dealing additional fire damage.
   Big, fiery blades are also staple armaments of hydra-hunters.
   Str:       It affects your strength (+5).
   rC:        It protects you from cold.
   MP:        It affects your magic capacity (+9).
   *Noise:    It may make noises in combat.
Missiles
 c - 2225 stones
Armour
 j - the +4 ring mail "Heteuzi" (worn) {Fly Will++ Dex+4}
   (You found it on level 2 of the Lair of Beasts)

   Dex:       It affects your dexterity (+4).
   Fly:       It grants you flight.
   Will:      It greatly increases your willpower.
 n - a +2 pair of gloves of strength (worn)
 v - a +5 kite shield of reflection (worn)
 H - a scarf of repulsion
 P - the +0 pair of boots of the Manifold Xalams (worn) {rF+ Regen+ Slay+2}
   (You found it on level 2 of the Orcish Mines)

   Slay:      It affects your accuracy & damage with ranged weapons and melee
   (+2).
   rF:        It protects you from fire.
   Regen:     It increases your rate of health regeneration.
 T - a +2 cloak of preservation (worn)
 X - the +2 helmet of True Grit (worn) {Int+5}
   (You acquired it on level 2 of the Dungeon)

   Int:       It affects your intelligence (+5).
Magical Staves
 t - a staff of fire
 C - a staff of conjuration (weapon)
Jewellery
 d - a +6 ring of intelligence
 h - a ring of ice
 s - a ring of fire
 G - the amulet "Plog" (around neck) {RegenMP Int+4}
   (You acquired it on level 1 of the Dungeon)

   [amulet of magic regeneration]

   It increases your rate of magic regeneration.
   Int:       It affects your intelligence (+4).
 K - the ring "Codat" (right hand) {rC+ MP+9}
   (You found it on level 3 of the Realm of Zot)

   [ring of magical power]

   rC:        It protects you from cold.
   MP:        It affects your magic capacity (+9).
 M - a ring of protection from fire
 N - the ring "Axzinez" (left hand) {rC++ rN+ Dex+4 SInv Stlth-}
   (You found it on level 3 of the Elven Halls)

   [ring of see invisible]

   Dex:       It affects your dexterity (+4).
   rC:        It greatly protects you from cold.
   rN:        It protects you from negative energy.
   SInv:      It lets you see invisible.
   Stlth:     It makes you less stealthy.
Wands
 b - a wand of charming (19)
 i - a wand of flame (182)
 k - a wand of mindburst (93)
 m - a wand of paralysis (11)
 z - a wand of acid (73)
 I - a wand of digging (15)
 L - a wand of iceblast (58)
 U - a wand of polymorph (50)
Scrolls
 q - 6 scrolls of fear
 u - 8 scrolls of teleportation
 A - 13 scrolls of fog
 E - 8 scrolls of blinking
 J - 7 scrolls of magic mapping
 Q - a scroll of silence
 R - 7 scrolls of holy word
 V - 2 scrolls of summoning
 Z - 11 scrolls of amnesia
Potions
 e - 10 potions of might
 g - 4 potions of magic
 o - 20 potions of curing
 p - 12 potions of brilliance
 r - 4 potions of cancellation
 w - 2 potions of resistance
 x - 14 potions of haste
 S - 11 potions of ambrosia
 W - a potion of heal wounds
 Y - 3 potions of invisibility
Miscellaneous
 a - a box of beasts
 f - a lightning rod (4/4)
 y - a tin of tremorstones (2/2)
 B - a condenser vane
 D - a phantom mirror


   Skills:
 - Level 18.0 Fighting
 - Level 5.0 Staves
 - Level 20.0 Armour
 - Level 2.0 Dodging
 - Level 3.0 Stealth
 - Level 15.0 Shields
 + Level 15.7 Spellcasting
 - Level 20.0 Conjurations
 - Level 5.0 Hexes
 - Level 15.0 Summonings
 + Level 13.1 Translocations
 - Level 10.0 Transmutations
 - Level 15.0 Fire Magic
 - Level 7.0 Ice Magic
 - Level 20.0 Earth Magic
 - Level 10.0 Evocations


You had 4 spell levels left.
You knew the following spells:

 Your Spells              Type           Power      Damage    Failure   Level
a - Sandblast             Erth           100%       2d20      0%          1
b - Stone Arrow           Conj/Erth      100%       3d13      0%          3
c - Malign Gateway        Summ/Tloc      43%        N/A       6%          7
d - Flame Wave            Conj/Fire      100%       3d16      0%          4
e - Orb of Destruction    Conj           63%        9d17      1%          7
f - Iron Shot             Conj/Erth      63%        9d12      1%          6
g - Fireball              Conj/Fire      59%        3d23      1%          5
h - Ozocubu's Armour      Ice            64%        N/A       1%          3
j - Dispersal             Tloc           42%        N/A       1%          6
k - Passage of Golubria   Tloc           85%        N/A       1%          4
l - Passwall              Tmut/Erth      75%        N/A       0%          2
m - Irradiate             Conj/Tmut      56%        3d32      1%          5

Your spell library contained the following spells:

 Spells                   Type           Power      Damage    Failure   Level
 Ignition                 Fire           45%        3d13      9%          8
 Maxwell's Capacitive Co  Air            12%        ∞         100%        8
 Polar Vortex             Ice            32%        N/A       100%        9
 Apportation              Tloc           100%       N/A       0%          1
 Foxfire                  Conj/Fire      100%       2x1d9     0%          1
 Magic Dart               Conj           100%       1d8       0%          1
 Summon Small Mammal      Summ           100%       N/A       0%          1
 Blink                    Tloc           N/A        N/A       0%          2
 Scorch                   Fire           100%       2d10      0%          2
 Searing Ray              Conj           100%       2d8       0%          2
 Conjure Flame            Conj/Fire      100%       6-21      0%          3
 Animate Armour           Summ/Erth      100%       N/A       0%          4
 Sticky Flame             Conj/Fire      100%       2d11      0%          4
 Beastly Appendage        Tmut           100%       N/A       1%          1
 Freeze                   Ice            100%       1d11      1%          1
 Shock                    Conj/Air       100%       1d9       1%          1
 Sting                    Tmut/Pois      100%       1d8       1%          1
 Ensorcelled Hibernation  Hex/Ice        100%       N/A       1%          2
 Poisonous Vapours        Pois/Air       50%        N/A       1%          2
 Slow                     Hex            56%        N/A       1%          2
 Wereblood                Tmut           75%        N/A       1%          2
 Confusing Touch          Hex            56%        N/A       1%          3
 Frozen Ramparts          Ice            100%       1d12      1%          3
 Ignite Poison            Fire/Tmut/Pois 69%        N/A       1%          3
 Inner Flame              Hex/Fire       75%        N/A       1%          3
 Lesser Beckoning         Tloc           85%        N/A       1%          3
 Mephitic Cloud           Conj/Pois/Air  81%        N/A       1%          3
 Spider Form              Tmut/Pois      28%        N/A       1%          3
 Summon Guardian Golem    Hex/Summ       75%        N/A       1%          3
 Tukima's Dance           Hex            56%        N/A       1%          3
 Fulminant Prism          Conj/Hex       52%        3d23      1%          4
 Hailstorm                Conj/Ice       100%       3d20      1%          4
 Ice Form                 Ice/Tmut       70%        N/A       1%          4
 Leda's Liquefaction      Hex/Erth       41%        N/A       1%          4
 Petrify                  Tmut/Erth      90%        N/A       1%          4
 Animate Skeleton         Necr           50%        N/A       2%          1
 Pain                     Necr           100%       1d9       2%          1
 Cause Fear               Hex            28%        N/A       2%          4
 Corpse Rot               Necr/Air       50%        N/A       3%          2
 Swiftness                Air            25%        N/A       6%          3
 Vampiric Draining        Necr           12%        2d7       6%          3
 Airstrike                Air            12%        N/A       6%          4
 Olgreb's Toxic Radiance  Pois           25%        N/A       6%          4
 Animate Dead             Necr           12%        N/A       22%         4
 Lee's Rapid Deconstruct  Erth           51%        3d25*     0%          5
 Blade Hands              Tmut           37%        N/A       1%          5
 Borgnjor's Vile Clutch   Necr/Erth      37%        N/A       1%          5
 Freezing Cloud           Conj/Ice/Air   45%        6-21      1%          5
 Manifold Assault         Tloc           85%        N/A       1%          5
 Summon Forest            Summ/Tloc      43%        N/A       1%          5
 Summon Mana Viper        Hex/Summ       75%        N/A       1%          5
 Yara's Violent Unravell  Hex/Tmut       33%        3d14      1%          5
 Summon Cactus Giant      Summ           45%        N/A       1%          6
 Lehudib's Crystal Spear  Conj/Erth      63%        10d14     1%          8
 Metabolic Englaciation   Hex/Ice        30%        N/A       4%          5
 Eringya's Noxious Bog    Tmut/Pois      28%        N/A       11%         6
 Shatter                  Erth           51%        3d39*     16%         9
 Silence                  Hex/Air        21%        N/A       22%         5
 Ozocubu's Refrigeration  Ice            32%        4d11      26%         7
 Fire Storm               Conj/Fire      59%        8d15      38%         9
 Agony                    Necr           25%        N/A       52%         5
 Excruciating Wounds      Necr           12%        N/A       52%         5
 Disjunction              Tloc           42%        N/A       54%         8
 Simulacrum               Ice/Necr       24%        N/A       61%         6
 Haunt                    Necr/Summ      33%        N/A       63%         7
 Death Channel            Necr           12%        N/A       97%         6
 Borgnjor's Revivificati  Necr           12%        N/A       100%        8
 Discord                  Hex            28%        N/A       100%        8
 Infestation              Necr           12%        N/A       100%        8
 Necromutation            Tmut/Necr      28%        N/A       100%        8
 Chain Lightning          Conj/Air       47%        3d63      100%        9
 Death's Door             Necr           12%        N/A       100%        9
 Sublimation of Blood     Necr           Unusable   N/A       N/A         2
 Statue Form              Tmut/Erth      Unusable   N/A       N/A         6

Dungeon Overview and Level Annotations

Branches:
Dungeon (15/15)            Temple (1/1) D:4            Lair (6/6) D:8
 Shoals (4/4) Lair:2        Snake (4/4) Lair:3        Slime (4/5) Lair:5
    Orc (2/2) D:12            Elf (3/3) Orc:2        Vaults (5/5) D:14
  Crypt (3/3) Vaults:2       Tomb (0/3) Crypt:3      Depths (4/4) D:15
    Zot (4/5) Depths:4      IceCv (visited)

Altars:
Ashenzari
Cheibriados
Dithmenos
Elyvilon
Fedhas
Gozag
Hepliaklqana
Kikubaaqudgha
Makhleb
Nemelex Xobeh
Okawaru
Qazlal
Ru
Sif Muna
Trog
Uskayaw
Vehumet
Wu Jian
Xom
Yredelemnul
Zin
The Shining One
Beogh
Jiyva
Lugonu

Shops:
D:1 *   D:2 ?   D:11 [   Orc:1 *   Orc:2 *(([   Elf:1 !   Elf:2 [   Snake:2 [
Snake:3 [   Vaults:4 *   Vaults:5 [::=   Depths:1 ?((*:

Portals:
Hell: Depths:1 Depths:2 Depths:3 Depths:4
Abyss: Lair:6 Depths:1 Depths:3 Depths:4
Pandemonium: Depths:2

Annotations:
Abyss:1 yegreS's ghost, adept MiFi
Zig:8 qborf's ghost, legendary HuCj


Innate Abilities, Weirdness & Mutations

You are immune to sickness and miasma.
Your stone body is resilient. (AC +20)
You are immune to poison.
Your large and strong wings let you fly.
You resist negative energy. (rN+)
You are resistant to electric shocks. (rElec)
You are resistant to unholy torment.
You are immune to petrification.
You possess an exceptional clarity of mind.
You are dopey. (Int -2)
You are somewhat resistant to further mutation.
You passively dampen the noise of your surroundings.


Message History

Qborf's ghost points at you and mumbles some strange words.
The crystal spear hits you!!!!
You completely miss qborf's ghost.
Qborf's ghost is moderately damaged.
You are engulfed in blazing flames.
You resist.
Qborf's ghost hits you but does no damage.
You hit qborf's ghost but do no damage.
Qborf's ghost is moderately damaged.
You are engulfed in blazing flames.
You resist. You block qborf's ghost's attack.
You barely miss qborf's ghost.
Qborf's ghost is moderately damaged.
You are engulfed in blazing flames.
You resist.
Qborf's ghost casts a spell.
Qborf's ghost flickers and vanishes for a moment.
Casting: Ozocubu's Armour (safe; 1% risk of failure)
Confirm with . or Enter, or press ? or * to list all spells.
You don't know that spell.
Unknown command.
Unknown command.
Press: ? - help, v - describe, . - travel The floor.
Unknown command.
Blink to where?
Press: ? - help, Dir - move target, p - qborf's ghost
Found six items.
Found two gates leading back out of this place.
Found a stone staircase leading down.
As you read the scroll of blinking, it crumbles to dust.
The curse toe gives a chilling moan.
Qborf's ghost gestures at you while chanting.
A raging storm of fire appears!
The great blast of fire engulfs you!!! You partially resist.
* * * LOW HITPOINT WARNING * * *
8 fire vortices come into view.
You are engulfed in blazing flames.
You resist.
Qborf's ghost points at you and mumbles some strange words.
A raging storm of fire appears!
The great blast of fire engulfs you!!! You partially resist.
You die...

▓▓▓ ▓▓▓▓▓▓.▓▓▓▓▓▓
▓▓.........W.▓▓
▓▓▓.###.....###°▓▓▓
▓▓...#P#v○vD.#P#...▓▓
▓....###○°☼☼.###....▓
▓.[..v○☼○○○☼.W..v...▓
▓|∩).○°@○○○○........▓▓
.}>}.○☼°☼○☼☼......∩..▓
▓|∩=.v○☼○vvv........▓▓
▓....○○☼v°.z○...§*..▓
▓....###.....###§...▓
▓▓...#P#.....#P#...▓▓
▓▓▓.###.....###.▓▓▓
▓▓...........▓▓
▓▓▓▓▓▓.▓▓▓▓▓▓


You could see a shadow dragon, a curse toe, an eidolon, 8 fire vortices and
qborf's ghost (gusty, invisible).

Vanquished Creatures
  Dissolution (Slime:1)
  3 dread liches
  3 ancient liches
  Mennas (Vaults:3)
  A juggernaut (Depths:2)
  Boris (twice) (Depths:4 Crypt:2)
  4 curse toes
  Margery (Depths:3)
  Xtahua (Crypt:3)
  Saint Roka (Snake:2)
  2 caustic shrikes
  9 golden dragons
  A profane servitor (Depths:2)
  2 electric golems
  A bone dragon (Crypt:3)
  2 hellephants
  2 iron giants (Zig:7)
  21 tentacled monstrosities
  3 liches
  2 deep elf blademasters (Elf:3)
  7 quicksilver dragons
  4 deep elf master archers (Elf:3)
  6 titans
  15 acid blobs
  13 death cobs
  6 sphinxes
  A kraken (Shoals:3)
  11 ancient champions
  The ghost of Gizxutwo the Severer, an adept MiBe of Trog (Shoals:2)
  Polyphemus (Shoals:3)
  Agnes (Elf:1)
  3 shadow dragons
  7 tengu reavers
  17 storm dragons
  Roxanne (Elf:2)
  Donald (Shoals:1)
  5 azure jellies
  3 nagarajas (Snake:4)
  A rockslime (Slime:3)
  3 draconian monks
  7 draconian knights
  5 fire giants
  9 deep elf sorcerers
  The ghost of Raugh the Devastator, an adept GrCj of Gozag (D:15)
  7 frost giants
  A quicksilver elemental (Zig:7)
  An iron dragon (Zig:7)
  Aizul (Vaults:1)
  Louise (D:15)
  13 vault wardens
  7 draconian scorchers
  4 ghost moths
  5 deep elf elementalists (Elf:3)
  3 draconian stormcallers
  14 ironbound preservers
  3 draconian shifters
  4 ghouls (Crypt:3)
  A caustic shrike zombie (Crypt:1)
  18 stone giants
  10 draconian annihilators
  4 quicksilver oozes
  4 reapers
  3 spriggan defenders
  20 very ugly things
  6 war gargoyles
  3 deep elf annihilators (Elf:3)
  8 green draconians
  5 deep elf demonologists
  12 vampire knights
  11 purple draconians
  An entropy weaver (Vaults:2)
  A wendigo (Zig:1)
  4 red draconians
  11 white draconians
  12 dire elephants
  5 spark wasps
  4 yellow draconians
  4 black draconians
  A blizzard demon (Depths:2)
  3 eidola
  10 ettins
  10 deep elf death magi
  3 merfolk javelineers (Shoals:4)
  10 jiangshi
  8 merfolk impalers
  A crystal guardian (Vaults:3)
  A fire dragon (Depths:2)
  The ghost of Tribosh the Cleaver, a journeyman DDFi of Elyvilon (Orc:2)
  8 ironbound thunderhulks
  23 yaktaur captains
  11 deep elf high priests
  9 great orbs of eyes
  2 pearl dragon zombies (Depths:2)
  28 vault guards
  The ghost of Gwenloh the Destroyer, a journeyman NaCj of Cheibriados (D:10)
  10 hydras
  An iron golem (Zig:7)
  4 salamander tyrants (Snake:4)
  A peacekeeper (Vaults:3)
  4 boulder beetles
  2 catoblepae
  4 ice dragons (Depths:4)
  11 anacondas
  8 naga warriors
  3 rakshasas
  3 ogre magi
  2 alligator snapping turtles (Shoals:4)
  3 spriggan air magi
  5 merfolk aquamancers
  2 merfolk avatars
  6 death knights
  24 centaur warriors
  10 ironbound frosthearts
  34 dancing weapons
  10 vampire magi
  2 satyrs
  7 deep troll earth magi
  8 two-headed ogres
  A death yak (shapeshifter) (Vaults:5)
  8 death yaks
  8 tengu warriors
  3 deep troll shamans
  Nergalle (Lair:4)
  Urug (D:12)
  3 spriggan berserkers
  2 thrashing horrors (Lair:6)
  22 naga sharpshooters
  4 hell hogs
  6 orc high priests
  8 shock serpents
  4 sun demons (Depths:1)
  17 deep elf knights
  10 hell knights
  2 storm dragon zombies
  Sonja (D:12)
  12 soul eaters
  A sixfirhy (Depths:2)
  A storm dragon skeleton (Crypt:1)
  The ghost of Irenicus the Geomancer, a novice DDEE of Makhleb (D:9)
  46 deep trolls
  3 shadow wraiths
  21 skeletal warriors
  A sea snake (shapeshifter) (Vaults:5)
  A spriggan druid (Elf:1)
  9 salamander mystics
  8 iron trolls
  15 sea snakes
  3 glowing orange brains
  6 flayed ghosts
  A kraken simulacrum (Shoals:4)
  17 deep elf archers
  6 harpies
  11 naga ritualists
  2 bog bodies (Crypt:3)
  14 ironbound convokers
  38 deep elf pyromancers
  A necromancer (Depths:2)
  26 phantasmal warriors
  5 wizards
  13 lindwurms
  A lindwurm (shapeshifter) (D:12)
  An orb spider (shapeshifter) (Lair:6)
  7 orc knights
  23 deep elf zephyrmancers
  11 cyclopes
  2 oklob plants (Lair:5)
  A wolf spider (D:15)
  15 mana vipers
  Pikel (D:4)
  4 orc sorcerers
  4 shining eyes
  36 ugly things
  11 merfolk sirens
  An iron dragon skeleton (Crypt:3)
  18 manticores
  34 salamanders
  23 moths of wrath
  7 fauns
  28 naga magi
  3 guardian serpents
  3 rust devils (Depths:2)
  A torpor snail (Zig:5)
  22 vault sentinels
  4 apis skeletons (Depths:2)
  An ice statue (IceCv)
  5 smoke demons
  4 water nymphs
  A spriggan skeleton (Crypt:3)
  51 black mambas
  A hellion (Depths:1)
  An eye of devastation (Slime:4)
  11 cane toads
  A komodo dragon (shapeshifter) (D:12)
  2 orange demons (Depths:2)
  A cane toad (shapeshifter) (D:15)
  3 gargoyles
  A yellow draconian zombie (Crypt:3)
  3 kobold demonologists
  A pale draconian zombie (Crypt:3)
  7 unseen horrors
  8 komodo dragons
  3 rime drakes
  A catoblepas zombie (Crypt:2)
  3 efreet
  2 red draconian skeletons
  11 freezing wraiths
  A tengu conjurer (D:15)
  26 yaktaurs
  2 ancient zymes (Lair:6)
  4 guardian mummies (Crypt:3)
  A queen bee (Lair:3)
  An iron troll skeleton (Crypt:3)
  5 polar bears
  A polar bear (shapeshifter) (D:15)
  10 trolls
  A black draconian skeleton (Crypt:2)
  34 merfolk
  A hydra skeleton (Crypt:3)
  A meliai (shapeshifter) (Vaults:5)
  10 wind drakes
  A jumping spider (Vaults:2)
  14 blink frogs (Lair:6)
  A merfolk (shapeshifter) (Vaults:1)
  A raiju (shapeshifter) (D:14)
  3 dream sheep (shapeshifter)
  163 slime creatures
  13 dream sheep
  A centaur simulacrum (D:12)
  9 snapping turtles
  A spriggan (shapeshifter) (Lair:6)
  Sigmund (D:5)
  2 redbacks (shapeshifter)
  A satyr skeleton (Crypt:3)
  4 wyverns
  An ettin skeleton (Crypt:1)
  A redback (Vaults:2)
  2 air elementals
  5 fire elementals
  8 vampires
  A yak (shapeshifter) (Elf:3)
  6 spriggans
  9 wraiths
  A black mamba zombie (Crypt:3)
  2 shadows
  A basilisk (shapeshifter) (Elf:3)
  30 yaks
  7 basilisks
  3 fire bats (Lair:5)
  A dire elephant simulacrum (Crypt:3)
  15 water elementals
  6 large abominations
  A steam dragon (Lair:5)
  9 vampire mosquitoes
  6 death yak simulacra (IceCv)
  13 golden eyes
  A redback simulacrum (D:15)
  8 chaos spawn
  3 harpy simulacra (IceCv)
  A human simulacrum (Vaults:3)
  4 wargs (Orc:2)
  Edmund (D:5)
  6 swamp worms (Lair:1)
  57 nagas
  A two-headed ogre zombie (Crypt:1)
  A water moccasin (shapeshifter) (D:12)
  A floating eye (shapeshifter) (Vaults:5)
  Duvessa (D:5)
  A demonspawn skeleton (Crypt:3)
  An acid dragon (D:12)
  18 water moccasins
  37 orc warriors
  3 sky beasts
  An ice beast (D:5)
  3 black bears
  A hornet zombie (Crypt:2)
  7 ogres
  A blink frog zombie (Crypt:1)
  A necrophage (D:7)
  12 centaurs
  9 boggarts (Vaults:1)
  29 wolves
  A blink frog skeleton (Crypt:3)
  11 small abominations
  8 kobold brigands
  11 bullfrogs
  5 earth elementals
  2 scorpions (D:6)
  6 gnoll sergeants
  5 two-headed ogre simulacra (IceCv)
  Dowan (D:5)
  A wyvern skeleton (D:7)
  4 elephant simulacra (IceCv)
  A spriggan zombie (Crypt:2)
  A raiju zombie (Crypt:1)
  31 killer bees
  2 vampire bats (Lair:2)
  12 wights
  3 electric eels
  2 howler monkeys (D:11)
  A black bear zombie (Crypt:2)
  5 hounds
  A jelly (D:7)
  A centaur skeleton (D:7)
  36 orc priests
  A bullfrog skeleton (Crypt:2)
  2 gnoll shamans (D:6)
  A scorpion zombie (Crypt:3)
  An iguana (D:7)
  A polar bear simulacrum (IceCv)
  35 orc wizards
  3 troll simulacra (IceCv)
  8 spriggan simulacra (IceCv)
  A wolf simulacrum (IceCv)
  A naga skeleton (Crypt:1)
  A hound skeleton (D:5)
  4 howler monkey zombies
  A howler monkey skeleton (Crypt:3)
  31 gnolls
  8 naga simulacra
  4 adders
  2 shadow imps
  6 white imps
  6 ufetubi
  An adder skeleton (D:4)
  A worm (D:2)
  A dart slug (D:4)
  83 orcs
  3 ball pythons
  2 endoplasms
  6 giant cockroaches
  3 goblins
  10 hobgoblins
  6 jackals (D:3)
  16 kobolds
  2 quokkas
  A bat (shapeshifter) (Vaults:5)
  8 bats
  2 frilled lizards (D:1)
  A quokka skeleton (Crypt:3)
  A rat (shapeshifter) (Vaults:5)
  3 rats
  7 briar patches (Lair:1)
  A bush (Lair:5)
  3 tentacles
2522 creatures vanquished.

Vanquished Creatures (collateral kills)
  An ancient lich (Zot:3)
  The ghost of Iruirgha the Slayer, a veteran OpFi of Gozag (Zot:3)
  the Enchantress (Depths:1)
  A tentacled monstrosity (Zot:2)
  An ironbound preserver (Vaults:4)
  A yellow draconian (Zot:2)
  A purple draconian (Zot:2)
  A deep troll earth mage (Depths:1)
  A hell knight (Depths:2)
  3 deep trolls
  A necromancer (Depths:3)
13 creatures vanquished.

Vanquished Creatures (others)
  7 eldritch tentacles
  A revenant (Zig:8)
  A storm dragon (Zot:2)
  2 curse skulls (Zig:8)
  An eidolon (Zig:8)
  A soul eater (Zig:8)
  A slime creature (D:12)
  72 fungi
  149 plants
  4 snaplasher vines
  14 tentacles
253 creatures vanquished.

Grand Total: 2788 creatures vanquished

Notes
Turn   | Place    | Note
-------+----------+-------------------------------------------
     0 | D:1      | Soel the Gargoyle Earth Elementalist began the quest for
                  | the Orb.
     0 | D:1      | Reached XP level 1. HP: 10/10 MP: 3/3
   301 | D:1      | Reached XP level 2. HP: 15/15 MP: 1/5
   384 | D:1      | Found Ronkuid's General Store.
  1181 | D:2      | Found Matix's Magic Scroll Boutique.
  1357 | D:2      | Reached XP level 3. HP: 17/19 MP: 6/6
  1412 | D:2      | Learned a level 3 spell: Stone Arrow
  1416 | D:2      | Reached skill level 5 in Earth Magic
  1516 | D:2      | Reached skill level 1 in Conjurations
  1931 | D:2      | Found a faded altar of an unknown god.
  2330 | D:3      | Reached XP level 4. HP: 24/24 MP: 7/7
  3134 | D:4      | Noticed Pikel
  3134 | D:4      | Noticed a lemure
  3134 | D:4      | Noticed a lemure
  3134 | D:4      | Noticed a lemure
  3280 | D:4      | Noticed a lemure
  3281 | D:4      | Found a staircase to the Ecumenical Temple.
  3286 | D:4      | Killed Pikel
  3287 | D:4      | Reached skill level 5 in Conjurations
  3287 | D:4      | Reached XP level 5. HP: 10/28 MP: 8/8
  3287 | D:4      | Reached XP level 6. HP: 11/32 MP: 9/9
  3287 | D:4      | Reached XP level 7. HP: 13/36 MP: 10/10
  4646 | Temple   | Entered the Ecumenical Temple
  4856 | D:5      | Entered Level 5 of the Dungeon
  4873 | D:5      | Found a radiant altar of Vehumet.
  4880 | D:5      | Became a worshipper of Vehumet
  5092 | D:5      | Noticed Duvessa
  5092 | D:5      | Noticed Dowan
  5096 | D:5      | Killed Duvessa
  5098 | D:5      | Killed Dowan
  5099 | D:5      | Reached skill level 1 in Fighting
  5099 | D:5      | Reached skill level 1 in Armour
  5268 | D:5      | Reached XP level 8. HP: 43/43 MP: 11/12
  5506 | D:5      | Learned a level 4 spell: Petrify
  5526 | D:5      | Reached skill level 1 in Transmutations
  5763 | D:5      | Noticed Sigmund
  5785 | D:5      | Killed Sigmund
  6043 | D:5      | Noticed Edmund
  6046 | D:5      | Killed Edmund
  6333 | D:6      | Identified the +1 mace of Forced Transition {vorpal, rN+}
  6604 | D:6      | Reached skill level 5 in Spellcasting
  6604 | D:6      | Reached XP level 9. HP: 44/51 MP: 1/16
  6791 | D:6      | Reached * piety under Vehumet
  6791 | D:6      | Offered knowledge of Foxfire by Vehumet.
  7188 | D:6      | Learned a level 4 spell: Flame Wave
  7446 | D:6      | Found a stormy altar of Qazlal.
  7477 | D:6      | Reached skill level 1 in Fire Magic
  8754 | D:7      | Found a bloodstained altar of Trog.
  8838 | D:7      | Found a hide-covered altar of Uskayaw.
  8859 | D:7      | Reached skill level 5 in Fighting
  8859 | D:7      | Reached skill level 5 in Armour
  9019 | D:7      | Offered knowledge of Searing Ray by Vehumet.
  9020 | D:7      | Reached XP level 10. HP: 50/59 MP: 3/19
  9040 | D:7      | Reached ** piety under Vehumet
 10413 | D:8      | Found a staircase to the Lair.
 10787 | D:8      | Offered knowledge of Frozen Ramparts by Vehumet.
 10792 | D:8      | Reached skill level 5 in Fire Magic
 11217 | D:8      | Reached *** piety under Vehumet
 11336 | D:8      | Found a white marble altar of Elyvilon.
 11641 | D:9      | Found a transporter.
 11705 | D:9      | Noticed a four-headed hydra
 11783 | D:9      | Noticed Irenicus's ghost (novice DDEE)
 11842 | D:9      | Found a transporter.
 12058 | D:9      | Offered knowledge of Airstrike by Vehumet.
 12616 | D:9      | Reached **** piety under Vehumet
 12648 | D:9      | Found a broken altar of Ashenzari.
 12661 | D:9      | Found a shadowy altar of Dithmenos.
 12707 | D:9      | Found a burning altar of Makhleb.
 12941 | D:10     | Entered Level 10 of the Dungeon
 13112 | D:10     | Noticed Gwenloh's ghost (journeyman NaCj)
 13112 | D:10     | Noticed a two-headed ogre
 13113 | D:10     | Found a transporter.
 13113 | D:10     | Identified the +5 dire flail of Jeveju {drain, *Rage Will+
                  | Str+10 Dex+5}
 13113 | D:10     | Noticed a two-headed ogre
 13113 | D:10     | Noticed a two-headed ogre
 13115 | D:10     | Noticed a two-headed ogre
 13126 | D:10     | Found a transporter.
 13225 | D:10     | Noticed a two-headed ogre
 13235 | D:10     | Killed a two-headed ogre
 13236 | D:10     | Reached XP level 11. HP: 66/66 MP: 4/21
 14120 | D:10     | Offered knowledge of Irradiate by Vehumet.
 14713 | D:11     | Noticed a rakshasa
 14722 | D:11     | Killed a rakshasa
 14976 | D:11     | Noticed a boulder beetle
 15005 | D:10     | Killed a boulder beetle
 15641 | D:11     | Found Tuotraj's Antique Armour Shop.
 15735 | D:11     | Noticed a purple ugly thing
 15741 | D:11     | Killed a purple ugly thing
 16243 | Lair:1   | Entered Level 1 of the Lair of Beasts
 16453 | Lair:1   | Found a transporter.
 16476 | Lair:1   | Found a transporter.
 16565 | Lair:1   | Learned a level 5 spell: Freezing Cloud
 16669 | Lair:1   | Identified the +8 hunting sling "Hydrabane" {venom, +Blink
                  | rElec Will- Int-4}
 17185 | Lair:2   | Identified the +4 ring mail "Heteuzi" {Fly Will++ Dex+4}
 17221 | Lair:2   | Reached skill level 1 in Ice Magic
 17368 | Lair:2   | Found a staircase to the Shoals.
 17905 | Lair:2   | Reached skill level 5 in Transmutations
 18397 | Lair:3   | Reached XP level 12. HP: 72/72 MP: 22/22
 18402 | Lair:3   | Reached ***** piety under Vehumet
 18402 | Lair:3   | Offered knowledge of Starburst by Vehumet.
 18404 | Lair:3   | Reached skill level 10 in Fire Magic
 18991 | Lair:3   | Reached skill level 1 in Evocations
 19221 | Lair:3   | Found a staircase to the Snake Pit.
 20456 | Lair:4   | Identified the +6 long sword of Change {vorpal, Int+4}
 20533 | Lair:4   | Reached skill level 5 in Ice Magic
 21049 | Lair:4   | Noticed Nergalle
 21111 | Lair:4   | Killed Nergalle
 21662 | Lair:5   | Noticed a catoblepas
 21663 | Lair:5   | Noticed a six-headed hydra
 21676 | Lair:5   | Killed a catoblepas
 21677 | Lair:5   | Reached XP level 13. HP: 69/79 MP: 22/23
 22029 | Lair:5   | HP: 2/80 [seven-headed hydra (3)]
 22527 | Lair:5   | Offered knowledge of Iron Shot by Vehumet.
 22686 | Lair:5   | Found a viscous altar of Jiyva.
 22687 | Lair:5   | Found a staircase to the Slime Pits.
 23423 | Lair:5   | Reached skill level 5 in Evocations
 23831 | Lair:5   | Found the +8 orange crystal plate armour {Archmagi, Int+3
                  | Clar}
 24285 | Lair:6   | Entered Level 6 of the Lair of Beasts
 24285 | Lair:6   | Found a frozen archway.
 24343 | IceCv    | Entered an ice cave
 24391 | IceCv    | Learned a level 6 spell: Iron Shot
 24556 | IceCv    | Reached skill level 10 in Armour
 24556 | IceCv    | Reached skill level 1 in Shields
 24615 | IceCv    | Got Ziebarr's Volume of Creative Attacks
 24862 | IceCv    | Learned a level 5 spell: Fireball
 25254 | IceCv    | Noticed a reaper
 25261 | IceCv    | Killed a reaper
 25344 | IceCv    | Identified a scroll of acquirement
 25344 | IceCv    | Acquired 869 gold pieces
 25974 | Lair:6   | Offered knowledge of Conjure Ball Lightning by Vehumet.
 25985 | Lair:6   | Reached skill level 10 in Fighting
 26386 | Lair:6   | Gained mutation: Your large and strong wings let you fly.
                  | [Gargoyle growth]
 26386 | Lair:6   | Reached XP level 14. HP: 81/88 MP: 7/26
 27305 | Lair:6   | Found a corrupted altar of Lugonu.
 27437 | Lair:6   | Found a one-way gate to the infinite horrors of the Abyss.
 27477 | Lair:6   | Got Sif Muna's Handbook of Contamination
 27844 | Lair:6   | Found a broken altar of Ashenzari.
 29428 | D:9      | Killed Irenicus's ghost
 29652 | D:10     | Reached skill level 10 in Conjurations
 29652 | D:10     | Reached skill level 10 in Earth Magic
 29653 | D:10     | Killed Gwenloh's ghost
 29928 | D:1      | Bought a scroll of acquirement for 520 gold pieces
 29934 | D:1      | Acquired the amulet "Plog" {RegenMP Int+4}
 30016 | D:2      | Bought a scroll of acquirement for 676 gold pieces
 30016 | D:2      | Acquired the +2 helmet of True Grit {Int+5}
 30386 | D:12     | Noticed Urug
 30493 | D:12     | Killed Urug
 30568 | D:11     | Reached skill level 10 in Spellcasting
 30770 | D:11     | Learned a level 3 spell: Ozocubu's Armour
 30843 | D:12     | Offered knowledge of Spellforged Servitor by Vehumet.
 31062 | D:12     | Reached XP level 15. HP: 93/93 MP: 22/29
 31976 | D:12     | Noticed Sonja
 31978 | D:12     | Killed Sonja
 32471 | D:12     | Found a staircase to the Orcish Mines.
 32661 | D:12     | Noticed a tengu reaver
 32666 | D:12     | Killed a tengu reaver
 32806 | D:12     | Noticed a tengu reaver
 32827 | D:12     | Noticed a sphinx
 32831 | D:12     | Killed a sphinx
 32831 | D:12     | Offered knowledge of Yara's Violent Unravelling by Vehumet.
 32904 | D:12     | Identified a ring of the Heavens {rPois Str+2}
 32909 | D:12     | Killed a tengu reaver
 33217 | Orc:1    | Entered Level 1 of the Orcish Mines
 33381 | Orc:1    | Learned a level 2 spell: Blink
 33572 | Orc:1    | Found Gusocy's Gadget Gallery.
 33690 | Orc:2    | Entered Level 2 of the Orcish Mines
 33690 | Orc:2    | Found a staircase to the Elven Halls.
 33731 | Orc:2    | Reached skill level 1 in Translocations
 35253 | Orc:2    | Found a runed translucent gate.
 35254 | Orc:2    | Noticed Tribosh's ghost (journeyman DDFi)
 35254 | Orc:2    | Found a runed translucent gate.
 35255 | Orc:2    | Found a runed translucent gate.
 35257 | Orc:2    | Identified the +7 chain mail of Darkness {+Inv Stlth+}
 35809 | Orc:2    | Found Faar's Armour Shop.
 35822 | Orc:2    | Found Beocs's Weapon Boutique.
 35892 | Orc:2    | Found Couskeno's Weapon Shop.
 35905 | Orc:2    | Found Quehav's General Store.
 36253 | Orc:2    | Killed Tribosh's ghost
 36389 | Orc:2    | Identified the +0 pair of boots of the Manifold Xalams {rF+
                  | Regen+ Slay+2}
 36665 | D:13     | Offered knowledge of Orb of Destruction by Vehumet.
 36942 | D:13     | Reached XP level 16. HP: 101/101 MP: 30/30
 36956 | D:13     | Learned a level 7 spell: Orb of Destruction
 38190 | D:14     | Found a gate to the Vaults.
 38391 | D:14     | Reached skill level 10 in Evocations
 38630 | D:14     | Found an opulent altar of Gozag.
 38926 | D:15     | Entered Level 15 of the Dungeon
 39035 | D:15     | Found an iron altar of Okawaru.
 39101 | D:15     | Noticed Louise
 39145 | D:15     | Killed Louise
 39343 | D:15     | Found a staircase to the Depths.
 39687 | D:15     | Found a runed translucent door.
 39689 | D:15     | Noticed Raugh's ghost (adept GrCj)
 39713 | D:15     | Offered knowledge of Maxwell's Capacitive Coupling by
                  | Vehumet.
 39949 | D:15     | Killed Raugh's ghost
 40177 | Snake:1  | Entered Level 1 of the Snake Pit
 40553 | Snake:1  | Identified the +1 scale mail of Complete Protection {rPois
                  | Str+7}
 41397 | Snake:2  | Reached skill level 15 in Conjurations
 41399 | Snake:2  | Reached XP level 17. HP: 102/106 MP: 8/31
 42465 | Snake:2  | HP: 4/108 [salamander (4)]
 42650 | Snake:2  | Found Ynar's Armour Shoppe.
 42879 | Snake:2  | Reached ****** piety under Vehumet
 43306 | Snake:3  | Offered knowledge of Polar Vortex by Vehumet.
 43306 | Snake:3  | Offered knowledge of Ignition by Vehumet.
 43306 | Snake:3  | Offered knowledge of Maxwell's Capacitive Coupling by
                  | Vehumet.
 43505 | Snake:3  | Found Qethrinyj's Armour Shop.
 43800 | Snake:3  | Noticed Saint Roka
 43921 | Snake:3  | Reached skill level 15 in Armour
 44630 | Snake:2  | Killed Saint Roka
 45587 | Snake:4  | Entered Level 4 of the Snake Pit
 45760 | Snake:4  | Reached XP level 18. HP: 116/116 MP: 19/32
 47120 | Snake:4  | Reached skill level 15 in Fighting
 47367 | Snake:4  | Got a serpentine rune of Zot
 48151 | Slime:1  | Entered Level 1 of the Pits of Slime
 50046 | Slime:1  | Found a viscous altar of Jiyva.
 50721 | Slime:2  | Noticed Dissolution
 50769 | Slime:1  | Killed Dissolution
 50770 | Slime:1  | Reached skill level 15 in Earth Magic
 50770 | Slime:1  | Reached XP level 19. HP: 124/124 MP: 15/33
 55001 | Shoals:1 | Entered Level 1 of the Shoals
 55052 | Shoals:1 | Noticed Donald
 55060 | Shoals:1 | Killed Donald
 55140 | Shoals:1 | Reached skill level 10 in Transmutations
 57085 | Shoals:2 | Found a runed translucent gate.
 57085 | Shoals:2 | Found a runed translucent gate.
 57085 | Shoals:2 | Found a runed translucent gate.
 57091 | Shoals:2 | Noticed Gizxutwo's ghost (adept MiBe)
 58116 | Shoals:2 | Killed Gizxutwo's ghost
 59024 | Shoals:3 | Noticed Polyphemus
 59030 | Shoals:3 | Killed Polyphemus
 59719 | Shoals:4 | Entered Level 4 of the Shoals
 60094 | Shoals:4 | Reached XP level 20. HP: 129/129 MP: 32/35
 60390 | Shoals:4 | Acquired 1067 gold pieces
 61278 | Shoals:4 | Got a barnacled rune of Zot
 62437 | Vaults:1 | Entered Level 1 of the Vaults
 63097 | Vaults:1 | Learned a level 4 spell: Cause Fear
 63169 | Vaults:1 | Reached skill level 1 in Hexes
 64267 | Vaults:1 | Noticed Aizul
 64272 | Vaults:1 | Killed Aizul
 64725 | Vaults:1 | Learned a level 4 spell: Passage of Golubria
 65332 | Vaults:2 | Learned a level 2 spell: Passwall
 65933 | Vaults:2 | Found a staircase to the Crypt.
 65942 | Vaults:2 | Reached skill level 1 in Staves
 66135 | Vaults:2 | Reached XP level 21. HP: 134/134 MP: 22/38
 66404 | Vaults:2 | Reached skill level 5 in Hexes
 68032 | Vaults:2 | Identified the +3 leather armour of the Desert {Will+ Int+3
                  | Dex+2}
 69943 | Vaults:3 | Reached skill level 5 in Shields
 71291 | Vaults:3 | Noticed Mennas
 71327 | Vaults:3 | Killed Mennas
 71429 | Vaults:3 | Reached skill level 5 in Translocations
 71683 | Vaults:3 | Reached skill level 5 in Staves
 71683 | Vaults:3 | Noticed a golden dragon
 71685 | Vaults:3 | Reached skill level 15 in Fire Magic
 71687 | Vaults:3 | Killed a golden dragon
 71733 | Vaults:3 | Noticed an ancient lich
 71737 | Vaults:3 | Killed an ancient lich
 71925 | Vaults:3 | Identified the +6 rapier "Juit" {flame, rF+}
 72515 | Vaults:3 | Learned a level 5 spell: Summon Forest
 72608 | Vaults:4 | Reached XP level 22. HP: 140/140 MP: 40/40
 72619 | Vaults:4 | Reached skill level 1 in Summonings
 74133 | Vaults:4 | Found Ohemuw's Assorted Antiques.
 74771 | Elf:1    | Entered Level 1 of the Elven Halls
 74939 | Elf:1    | Found Lothirim's Distillery.
 75172 | Elf:1    | Reached skill level 15 in Spellcasting
 76077 | Elf:1    | Reached skill level 5 in Summonings
 76149 | Elf:1    | Found a shimmering blue altar of Sif Muna.
 76495 | Elf:1    | Identified the +0 plate armour "Tomur" {Regen+}
 76497 | Elf:1    | Identified the +6 hunting sling "Odaumoi" {speed, rF+ rC+
                  | Stlth-}
 76509 | Elf:1    | Noticed Agnes
 76515 | Elf:1    | Killed Agnes
 77038 | Elf:1    | You are sucked into a shaft and drop 1 floor!
 77373 | Elf:2    | Noticed Roxanne
 77438 | Elf:2    | Killed Roxanne
 77830 | Elf:2    | Found Hauraur's Armour Shop.
 78050 | Elf:2    | Found a runed translucent gate.
 78050 | Elf:2    | Found a runed translucent gate.
 78051 | Elf:2    | Found a runed translucent gate.
 78292 | Elf:2    | Found a portal to a secret trove of treasure.
 80180 | Slime:3  | Reached XP level 23. HP: 147/147 MP: 39/42
 82247 | Depths:1 | Entered Level 1 of the Depths
 82280 | Depths:1 | Found Oxygrad's Magic Scroll Emporium.
 82285 | Depths:1 | Found Wumoxus's Antique Weapon Shop.
 82311 | Depths:1 | Bought a scroll of acquirement for 832 gold pieces
 82313 | Depths:1 | Acquired the amulet of Ziebu Wicomn {Acrobat Regen+ Str+6}
 82670 | Depths:1 | Found Emylexij's Assorted Antiques.
 82678 | Depths:1 | Found Vinimuug's Book Boutique.
 82697 | Depths:1 | Bought a book of Alchemy for 476 gold pieces
 83038 | Depths:1 | Found a gateway to Hell.
 83249 | Depths:1 | Found Fotsiy's Antique Weapon Boutique.
 83446 | Depths:1 | Found a sacrificial altar of Ru.
 83615 | Depths:1 | Found a gateway to a ziggurat.
 84132 | Depths:2 | Reached skill level 10 in Shields
 84683 | Depths:2 | Found a one-way gate leading to the halls of Pandemonium.
 84991 | Depths:2 | Found a basalt altar of Yredelemnul.
 85398 | Depths:2 | Noticed the Enchantress
 85540 | Depths:1 | Killed the Enchantress
 85923 | Depths:2 | Noticed a juggernaut
 85929 | Depths:2 | Killed a juggernaut
 86692 | Depths:3 | Noticed Margery
 86860 | Depths:3 | Killed Margery
 87047 | Depths:3 | Reached XP level 24. HP: 156/156 MP: 31/42
 87114 | Depths:3 | Learned a level 5 spell: Irradiate
 87531 | Depths:3 | Found an ancient bone altar of Kikubaaqudgha.
 87774 | Depths:3 | Found a shimmering blue altar of Sif Muna.
 87964 | Depths:4 | Entered Level 4 of the Depths
 88033 | Depths:4 | Found a blossoming altar of Fedhas.
 88295 | Depths:4 | Noticed Boris
 88306 | Depths:4 | Killed Boris
 89373 | Depths:4 | Found a gate to the Realm of Zot.
 89997 | Crypt:1  | Entered Level 1 of the Crypt
 90045 | Crypt:1  | Reached skill level 15 in Shields
 92715 | Slime:4  | Gained mutation: You are dopey. (Int -2) [a shining eye]
 92719 | Slime:4  | Gained mutation: You have hidden genetic defects. [a
                  | shining eye]
 95732 | Depths:3 | Lost mutation: You have hidden genetic defects. [potion of
                  | mutation]
 95732 | Depths:3 | Gained mutation: You possess an exceptional clarity of
                  | mind. [potion of mutation]
 95732 | Depths:3 | Gained mutation: You passively dampen the noise of your
                  | surroundings. [potion of mutation]
 95732 | Depths:3 | Gained mutation: You are somewhat resistant to further
                  | mutation. [potion of mutation]
 95923 | Elf:3    | Entered Level 3 of the Elven Halls
 97062 | Elf:3    | Identified the +1 pair of boots of the Amoeba {rC+}
 97333 | Elf:3    | Reached skill level 10 in Summonings
 97878 | Elf:3    | Reached XP level 25. HP: 160/160 MP: 42/42
 98757 | Elf:3    | Identified the amulet of Kuuzeec {RegenMP Dex+5}
 98813 | Elf:3    | Identified the +1 robe of Laf Jopsy {rC+ rCorr Slay-5}
 98833 | Elf:3    | Identified the ring "Axzinez" {rC++ rN+ Dex+4 SInv Stlth-}
 98845 | Elf:3    | Got the Almanac of Black Rituals
 98868 | Elf:3    | Identified the +1 barding "Ziret" {Dex+4}
 98882 | Elf:3    | Got the Almanac of Glamour
 98883 | Elf:3    | Identified the ring "Koubosud" {rElec Will+ Str+6 Int+3
                  | Dex-4}
 98889 | Elf:3    | Identified the +0 leather armour of Eqiawk {*Corrode Regen+
                  | Str+6 Stlth+}
 99098 | Orc:2    | Bought a potion of heal wounds for 65 gold pieces
 99176 | Elf:2    | You paid a toll of 12 potions of heal wounds to enter a
                  | treasure trove
 99177 | Trove    | Entered a treasure trove
100004 | Crypt:2  | Found an ancient bone altar of Kikubaaqudgha.
100098 | Crypt:2  | Noticed Boris
100107 | Crypt:2  | Killed Boris
101148 | Crypt:3  | Entered Level 3 of the Crypt
101211 | Crypt:3  | Found a staircase to the Tomb.
103070 | Crypt:3  | Noticed Xtahua
103074 | Crypt:3  | Killed Xtahua
103866 | Crypt:3  | Found an ancient bone altar of Kikubaaqudgha.
103866 | Crypt:3  | Found a basalt altar of Yredelemnul.
103971 | Crypt:3  | Got the Almanac of Evil Magic
103976 | Crypt:3  | Identified the +5 chain mail of Mioxt {MP+9}
104521 | Vaults:5 | Entered Level 5 of the Vaults
104841 | Vaults:5 | Reached XP level 26. HP: 165/166 MP: 42/42
105518 | Vaults:5 | Got Qoaprori's Papyrus of the Glacier
105619 | Vaults:5 | Noticed an ancient lich
105625 | Vaults:5 | Killed an ancient lich
105922 | Vaults:5 | Found Beask's Jewellery Emporium.
105922 | Vaults:5 | Noticed an ancient lich
105929 | Vaults:5 | Killed an ancient lich
106648 | Vaults:5 | Got a silver rune of Zot
106873 | Vaults:5 | Identified the +3 buckler of Suysuh {Regen+ Str-4 Dex+7}
107503 | Vaults:5 | Found Ivacvy's Antique Armour Shop.
107507 | Vaults:5 | Found Ocsysch's Book Shoppe.
107576 | Vaults:5 | Found Zyucs's Book Boutique.
108013 | Zot:1    | Entered Level 1 of the Realm of Zot
109290 | Depths:4 | Learned a level 6 spell: Dispersal
111333 | Zot:2    | Reached XP level 27. HP: 171/171 MP: 31/42
111986 | Zot:2    | Reached skill level 10 in Translocations
113053 | Zot:2    | Learned a level 7 spell: Malign Gateway
114288 | Zot:3    | Found a runed translucent gate.
114288 | Zot:3    | Found a runed translucent gate.
114289 | Zot:3    | Found a runed translucent gate.
114289 | Zot:3    | Found an ancient bone altar of Kikubaaqudgha.
114290 | Zot:3    | Noticed yegreS's ghost (adept MiFi)
114290 | Zot:3    | Noticed Iruirgha's ghost (veteran OpFi)
114290 | Zot:3    | Noticed a dread lich
114290 | Zot:3    | Noticed an ancient lich
114291 | Zot:3    | Noticed a dread lich
115797 | Zot:3    | Killed an ancient lich
115809 | Zot:3    | Killed a dread lich
115821 | Zot:3    | Killed a dread lich
115863 | Zot:3    | Banished yegreS's ghost
115865 | Zot:3    | Killed Iruirgha's ghost
116127 | Zot:3    | Identified the +0 hat "Mampis" {rPois rN+ Dex-4}
116132 | Zot:3    | Identified the ring "Codat" {rC+ MP+9}
116229 | Zot:3    | Upgraded the game from 0.28-a0-664-gc179e30c89 to
                  | 0.28-a0-674-gdaf460b524
116417 | Zot:4    | Identified the +1 plate armour "Rustof" {rN+ Slay+2}
117312 | Zot:4    | Reached skill level 15 in Summonings
117807 | Zig:1    | Entered Level 1 of a ziggurat
117834 | Zig:2    | Entered Level 2 of a ziggurat
117867 | Zig:2    | Identified the +5 long sword of the Gloaming {flame, *Noise
                  | rC+ MP+9 Str+5}
117880 | Zig:3    | Entered Level 3 of a ziggurat
117920 | Zig:4    | Entered Level 4 of a ziggurat
117974 | Zig:5    | Entered Level 5 of a ziggurat
118037 | Zig:5    | Identified the +8 dagger "Qeabynn" {drain, rN+ Str+4}
118038 | Zig:5    | Identified the ring "Ihethrip" {rF+ Will+}
118041 | Zig:5    | Identified the +1 scale mail "Cyxkaid" {rElec rC+ rN+
                  | Str+6}
118072 | Zig:6    | Entered Level 6 of a ziggurat
118078 | Zig:6    | Noticed a dread lich
118112 | Zig:6    | Killed a dread lich
118225 | Zig:7    | Entered Level 7 of a ziggurat
118405 | Zig:8    | Entered Level 8 of a ziggurat
118414 | Zig:8    | Noticed qborf's ghost (legendary HuCj)
118434 | Zig:8    | HP: 4/171 [qborf's ghost/great blast of fire (54)]
118435 | Zig:8    | Killed from afar by qborf's ghost

Illustrated notes

Levels and vault maps discovered:
D:1:      lightli_arrival_boilingwater, layout_basic, serial_shops,
          nicolae_shop_statue_plus, dk_noncrumbling_4
D:2:      layout_loops_corners, shapermc_ecumenical_altar_acropolis,
          serial_shops, shop
D:3:      layout_loops_ring
D:4:      layout_basic, minmay_temple_entry_junction,
          ebering_dispersal_statue_hall, kennysheep_generic_room_15, uniq_pikel
D:5:      layout_loops_ring, mainiacjoe_overflow_paths, uniq_edmund,
          uniq_duvessa, uniq_sigmund
D:6:      kennysheep_housing_project, layout_gridville,
          mainiacjoe_overflow_24_doors
D:7:      layout_rooms, nicolae_overflow_crystal_walls, general_overflow_altar,
          hangedman_abyss_or_decor_passed, minmay_alternating_orb
D:8:      layout_loops_corners, mainiacjoe_overflow_alcove_2, lair_entry_dummy,
          lightli_minifort
D:9:      layout_basic, minmay_overflow_temple_star_quad, nzn_ghost_randoct
D:10:     layout_basic, gammafunk_ghost_smash
D:11:     layout_irregular_city, serial_shops, nicolae_lakefront_shop
D:12:     minmay_tile_spiral, layout_cave_pools, david_orc_4, evilmike_minifort,
          uniq_sonja, uniq_urug
D:13:     layout_loops_ring, blue_anna_alchemist
D:14:     layout_roguey, david_vaults_2, nicolae_gozag_seed_capital
D:15:     hangedman_depths_entry_try_elsewhere_first, layout_irregular_city,
          gammafunk_ghost_grave, okawaru_metal_pillars_1_2, uniq_louise
Temple:   eino_narrow_crystal_temple
Lair:1:   gammafunk_worm_tunnel, layout_big_grid, grunt_megastairs_2,
          serial_bayou_shore_b, infiniplex_staircase_pool
Lair:2:   layout_cave_pods, shoals_dummy_entry, chequers_serial_rivers_room_b,
          roderic_batcave
Lair:3:   layout_roguey [special_room_bee], minmay_snake_entry_guardpost_medium
Lair:4:   layout_regular_city, uniq_nergalle
Lair:5:   layout_roguey, dpeg_slime_entry_enclosed_altar, serial_bayou,
          serial_bayou_pond_e, serial_bayou_pond_a, serial_bayou_pond_b,
          serial_bayou_pond_c, nicolae_volcano_entry_batcave, dpeg_oklob_1,
          serial_bayou_shore_b
Lair:6:   hellmonk_lair_end_abyssal_woods, layout_long_grid,
          portal_ice_cave_entry_pillars_1, lemuel_centaur_altar
Shoals:1: layout_shoals, hangedman_shoals_cup_caves, uniq_donald
Shoals:2: layout_shoals, gammafunk_ghost_split
Shoals:3: layout_shoals, nicolae_shoals_square_sea_wall, uniq_polyphemus
Shoals:4: shoals_end_grunt_ice, layout_shoals
Snake:1:  layout_concentric_octagons, lemuel_fruit_tree
Snake:2:  layout_honeycomb, serial_shops, shop
Snake:3:  layout_cave_pods, serial_shops, shop, uniq_saint_roka
Snake:4:  snake_pit, layout_misc_corridors
Slime:1:  layout_caves, basic_altar
Slime:2:  cheibrodos_slime_lost_civilization_1, layout_caves, dissolution_awaits
Slime:3:  layout_caves, uniq_dissolution
Slime:4:  layout_caves
Orc:1:    layout_diamond_mine, nicolae_shop_gadgets
Orc:2:    st_orc_mages, layout_caves, biasface_ghost_orc_armoury
Elf:1:    layout_geoelf_octagon, serial_shops, shop, basic_altar,
          hangedman_elven_crosses_minicolossus, kilobyte_rumbling_trees,
          uniq_agnes
Elf:2:    elven_hall_of_blades_hangedman_original
          [nicolae_blade_entry_crossed_weapons], layout_gridlike,
          trove_entry_hex_spiral, serial_shops, shop,
          nicolae_elf_big_sculpture_2, amcnicky_mini_pool_small, uniq_roxanne
Elf:3:    minmay_elf_hall_circle, layout_gridlike
Vaults:1: vaults_room_semicircle, hangedman_vaults_nodes, vaults_mumra_hex,
          v_misc_8, hangedman_vaults_corner, v_pattern_5, vaults_room_corners,
          vaults_room_door_ring, st_more_cells, layout_vaults_ring, uniq_aizul
Vaults:2: ontoclasm_vaults_bender, minmay_crypt_entry_simple_plaza,
          nicolae_vaults_good_morning_starshine, nicolae_vaults_specimen_jars,
          nicolae_vaults_twisting_passages, v_misc_12,
          nicolae_vaults_little_squares_3, ontoclasm_vaults_tryst,
          hangedman_vaults_stretched_pinwheel, vaults_dpeg_hooks,
          layout_vaults_maze
Vaults:3: dpeg_vaults_monster_box, nicolae_vaults_network_periphery, v_misc_30,
          hangedman_vaults_hat, vaults_mumra_chevron, vaults_mumra_chevron_long,
          nicolae_vaults_network_barrier, ontoclasm_vaults_spin, serial_ice_b,
          nicolae_vaults_gold_heap, st_octagons_1, layout_vaults_omnibox,
          uniq_mennas
Vaults:4: vaults_dpeg_encased_lava, hangedman_vaults_trim, v_misc_12,
          vaults_room_large_hall, grunt_vaults_funnel, grunt_vaults_twisty,
          vaults_room_ringed_pool, vaults_dpeg_cross, layout_vaults_big_room,
          serial_shops, shop
Vaults:5: serial_shops
Crypt:1:  layout_chaotic_city
Crypt:2:  layout_chaotic_city, serial_glass, glass_columns_b, glass_columns_a,
          glass_columns_a, feat_on_display, feat_on_display,
          weyrava_vampire_temple, grunt_megastairs_5
Crypt:3:  lightli_unholy_cathedral, layout_chaotic_city,
          tomb_entry_simple_bobbens, grunt_megastairs_1, uniq_xtahua
Depths:1: layout_cave_shapes, ziggurat_fallback, hellmouth_3,
          nicolae_abyss_entry_one_way_or_another, serial_shops,
          nicolae_take_the_stairs, shop, shop_fountains,
          nicolae_ru_path_of_blood, serial_bayou_shore_a,
          infiniplex_staircase_pool_lava, minmay_shoptagon
Depths:2: minmay_containers, layout_cave_pools, hell_entry,
          grunt_pan_entry_sceptre, hangedman_blasphemy,
          infiniplex_staircase_pillars_1, uniq_enchantress
Depths:3: nicolae_whirlpool, layout_twisted_cross, led_sif_pool, abyss_entry,
          hell_entry, kiku_gazebo_pond_becter, uniq_margery
Depths:4: evilmike_zot_entry_basic, layout_gridville, minmay_room_of_horrors,
          pf_coc_iceberg, fedhas_altar_3, uniq_boris
Zot:1:    lemuel_draconian_sentries_small, layout_gridlike
Zot:2:    kennysheep_oblong_rooms, layout_misc_corridors
Zot:3:    layout_twisted_circle, gammafunk_ghost_crypt,
          hangedman_zot_decor_checkerboard
Zot:4:    layout_basic, grunt_ministairs_7
Zig:8:    ziggurat_pillar_centre_c, ziggurat_pillar_centre_c,
          ziggurat_pillar_centre_c, ziggurat_pillar_centre_c

Skill      XL: |  1  2  3  4  5  6  7  8  9 10 11 12 13 14 15 16 17 18 19 20 21 22 23 24 25 26 27 |
---------------+----------------------------------------------------------------------------------+-----
Earth Magic    | 4 5 6 7 8 10 12 15 17 19 20 | 20.0
Conjurations   | 1 5 6 7 8 10 11 15 17 19 20 | 20.0
Fighting       | 1 3 5 6 7 8 10 12 13 15 16 17 18 | 18.0
Armour         | 1 3 5 6 7 9 10 12 13 15 16 17 18 19 20 | 20.0
Spellcasting   | 5 6 7 8 10 11 13 14 15 | 15.7
Transmutations | 2 5 8 10 | 10.0
Fire Magic     | 3 6 9 10 12 14 15 | 15.0
Dodging        | 2 |  2.0
Stealth        | 3 |  3.0
Ice Magic      | 2 5 7 |  7.0
Evocations     | 4 5 6 9 10 | 10.0
Shields        | 3 4 5 8 13 15 | 15.0
Translocations | 2 5 6 7 9 13 | 13.1
Hexes          | 4 5 |  5.0
Staves         | 1 5 |  5.0
Summonings     | 6 7 10 12 15 | 15.0

Action                   |  1- 3 |  4- 6 |  7- 9 | 10-12 | 13-15 | 16-18 | 19-21 | 22-24 | 25-27 || total
-------------------------+-------+-------+-------+-------+-------+-------+-------+-------+-------++-------
Melee: Spear             |    55 |       |       |       |       |       |       |       |       ||    55
       Dagger            |       |    23 |    22 |       |       |       |       |       |       ||    45
       Whip              |       |       |     1 |    28 |       |       |       |       |       ||    29
       Staff             |       |       |       |    19 |    57 |    65 |    50 |    39 |    59 ||   289
       Long sword        |       |       |       |     3 |     8 |       |       |       |       ||    11
 Cast: Sandblast         |    24 |    15 |    10 |       |       |       |       |       |       ||    49
       Stone Arrow       |       |       |   129 |   353 |   255 |       |       |       |       ||   737
       Flame Wave        |       |       |       |    16 |    32 |    19 |    42 |    29 |    28 ||   166
       Petrify           |       |       |       |     2 |       |       |     4 |     1 |       ||     7
       Fireball          |       |       |       |       |    34 |    35 |    66 |    51 |    37 ||   223
       Freezing Cloud    |       |       |       |       |    14 |       |       |       |       ||    14
       Iron Shot         |       |       |       |       |   183 |   453 |   471 |   493 |   640 ||  2240
       Ozocubu's Armour  |       |       |       |       |     3 |     9 |    20 |    17 |    17 ||    66
       Orb of Destructio |       |       |       |       |       |     7 |    88 |   184 |   120 ||   399
       Blink             |       |       |       |       |       |     7 |    10 |       |       ||    17
       Passage of Golubr |       |       |       |       |       |       |    45 |    30 |    20 ||    95
       Cause Fear        |       |       |       |       |       |       |     7 |       |       ||     7
       Summon Forest     |       |       |       |       |       |       |       |     5 |     2 ||     7
       Irradiate         |       |       |       |       |       |       |       |     2 |    18 ||    20
       Dispersal         |       |       |       |       |       |       |       |       |     5 ||     5
       Malign Gateway    |       |       |       |       |       |       |       |       |     7 ||     7
Evoke: Box of beasts     |       |       |       |       |       |       |       |     1 |       ||     1
       Phantom mirror    |       |       |       |       |       |       |       |     1 |       ||     1
       Wand              |       |       |       |       |       |       |       |       |     1 ||     1
  Use: Scroll            |     3 |     3 |     8 |    11 |    13 |     8 |     7 |    11 |     8 ||    72
       Potion            |       |       |       |     2 |     1 |     4 |     1 |     2 |     5 ||    15
 Stab: Sleeping          |     1 |       |       |       |       |       |       |       |       ||     1
Armor: Robe              |    11 |    11 |    24 |     9 |       |       |       |       |       ||    55
       Leather armour    |       |       |       |    26 |       |       |       |       |       ||    26
       Ring mail         |       |       |       |    50 |   197 |   183 |   214 |   293 |   339 ||  1276
Dodge: Dodged            |    34 |    13 |    27 |   108 |   133 |   146 |   140 |   155 |   166 ||   922
       Repelled          |       |       |       |     4 |    23 |    25 |     4 |    13 |       ||    69
Block: Buckler           |       |       |       |       |    75 |   135 |   114 |   124 |       ||   448
       Kite shield       |       |       |       |       |       |       |       |    58 |   361 ||   419
       Reflection        |       |       |       |       |       |       |       |    12 |    35 ||    47

Table legend: (Time is in decaauts)
 A = Elapsed time spent in this place.
 B = Non-inter-level travel time spent in this place.
 C = Inter-level travel time spent in this place.
 D = Time resting spent in this place.
 E = Time spent auto-exploring this place.
 F = Levels seen in this place.
 G = Mean time per level.
                   A        B        C        D        E       F      G
               +--------+--------+--------+--------+--------+-----+--------+
         Total | 118667 | 109083 |   9584 |  47768 |  14764 |  65 | 1825.6 |
       Dungeon |  25404 |  21904 |   3500 |   8573 |   7208 |  15 | 1693.6 |
        Temple |    188 |    161 |     27 |      0 |    154 |   1 |  188.0 |
          Lair |  12869 |  11704 |   1165 |   6147 |   3169 |   6 | 2144.8 |
        Shoals |   7540 |   7154 |    386 |   2518 |   1000 |   4 | 1885.0 |
     Snake Pit |   7482 |   7095 |    387 |   2897 |   1443 |   4 | 1870.5 |
    Slime Pits |  11321 |  11052 |    269 |   8071 |    255 |   4 | 2830.2 |
  Orcish Mines |   3605 |   3267 |    338 |   1499 |    664 |   2 | 1802.5 |
   Elven Halls |   8321 |   7466 |    855 |   2920 |    235 |   3 | 2773.7 |
        Vaults |  16125 |  14563 |   1562 |   4733 |    188 |   5 | 3225.0 |
         Crypt |   5940 |   5717 |    223 |   2170 |      0 |   3 | 1980.0 |
        Depths |   8949 |   8419 |    530 |   4073 |    104 |   4 | 2237.2 |
           Zot |   8796 |   8457 |    339 |   3211 |     28 |   4 | 2199.0 |
      Ziggurat |    625 |    625 |      0 |    215 |     26 |   8 |   78.1 |
         Trove |     96 |     96 |      0 |      0 |      0 |   1 |   96.0 |
      Ice Cave |   1399 |   1399 |      0 |    740 |    289 |   1 | 1399.0 |
               +--------+--------+--------+--------+--------+-----+--------+

Top non-repeatable levels by time:
Vaults:2: 4680 daAuts
 Slime:2: 4561 daAuts
Vaults:3: 3601 daAuts
  Lair:6: 3249 daAuts
 Crypt:3: 3216 daAuts
   Elf:3: 3137 daAuts
Vaults:5: 3087 daAuts
Depths:4: 2902 daAuts
   Elf:2: 2742 daAuts
   Zot:3: 2683 daAuts
    D:12: 2634 daAuts
    D:10: 2581 daAuts
 Slime:1: 2567 daAuts
  Lair:5: 2508 daAuts
   Zot:1: 2455 daAuts
